 Dungeon Sprint DCSS version 0.22-a0-848-ge9e22a0 (webtiles) character file.

35 protoss039 the Shield-Bearer (level 3, 0/36 HPs)
             Began as a Minotaur Fighter on July 27, 2018.
             Slain by an ogre
             ... wielding a +0 giant spiked club
              (18 damage)
             ... in the Dungeon (Sprint IX: "|||||||||||||||||||||||||||||").
             The game lasted 00:00:36 (37 turns).

protoss039 the Shield-Bearer (Minotaur Fighter)       Turns: 37, Time: 00:00:37

Health: 0/36       AC:  7    Str: 21    XL:     3   Next: 17%
Magic:  2/2        EV:  7    Int:  5    God:
Gold:   0          SH: 10    Dex:  9    Spells: 2/2 levels left

rFire    . . .     SeeInvis .   a - +0 war axe
rCold    . . .     Gourm    .   c - +0 shield
rNeg     . . .     Faith    .   b - +0 scale mail
rPois    .         Spirit   .   (helmet restricted)
rElec    .         Reflect  .   (no cloak)
rCorr    .         Harm     .   (no gloves)
MR       .....     NoTele   +   (no boots)
Stlth    ..........             (no amulet)
HPRegen  0.12/turn              (no ring)
MPRegen  0.08/turn              (no ring)

@: no status effects
A: retaliatory headbutt, horns 2
a: no special abilities


You were in the Dungeon.
You were not hungry.

You visited 1 branch

Inventory:

Hand Weapons
 a - a +0 war axe (weapon)
Armour
 b - a +0 scale mail (worn)
 c - a +0 shield (worn)
Scrolls
 k - a scroll of blinking
Potions
 d - a potion of might
 e - a potion of curing
 g - a potion of heal wounds
 h - a potion of haste
 i - 2 potions of magic
 j - a potion of berserk rage
Comestibles
 f - a ration
 l - 4 chunks of flesh


   Skills:
 + Level 5.3 Fighting
 + Level 4.0 Axes
 + Level 5.4 Armour
 + Level 5.4 Shields


You had 2 spell levels left.
You didn't know any spells.
Your spell library was empty.

Dungeon Overview and Level Annotations

Branches:
Dungeon (1/1)

Altars:


Innate Abilities, Weirdness & Mutations

You reflexively headbutt those who attack you in melee.
You have a pair of horns on your head.


Message History

The ogre is lightly wounded.
The ogre barely misses you. You furiously retaliate!
You headbutt the ogre, but do no damage.
You barely miss the ogre.
The ogre is lightly wounded.
You block the ogre's attack.
You barely miss the ogre. You headbutt the ogre.
The ogre is lightly wounded.
You block the ogre's attack.
You hit the ogre but do no damage. You headbutt the ogre.
The ogre is moderately wounded.
The ogre hits you with a giant spiked club.
You barely miss the ogre. You headbutt the ogre!
The ogre is severely wounded.
The ogre hits you with a giant spiked club.
You hit the ogre.
The ogre is severely wounded.
The ogre hits you with a giant spiked club!!
Ouch! That really hurt!
You die...

▓+▓
▓.▓
▓h▓
▓l▓
▓o▓
▓O▓
▓@▓
▓.▓
▓.▓
▓.▓
▓.▓
▓.▓
▓)▓
▓.▓
▓.▓


You could see an ogre, an iguana, a hound and an orc.

Vanquished Creatures
  A crimson imp (D)
  A goblin (D)
  A jackal (D)
  A frilled lizard (D)
  2 rats (D)
6 creatures vanquished.

Vanquished Creatures (others)
  A spatial maelstrom (D)
1 creature vanquished.

Grand Total: 7 creatures vanquished

Notes
Turn   | Place    | Note
-------+----------+-------------------------------------------
     0 | D        | protoss039 the Minotaur Fighter began the quest for the Orb.
     0 | D        | Reached XP level 1. HP: 19/19 MP: 0/0
     6 | D        | Banished a spatial maelstrom
    23 | D        | Noticed a hound
    23 | D        | Noticed an iguana
    23 | D        | Noticed an ogre
    23 | D        | Noticed a crimson imp
    30 | D        | Killed a crimson imp
    30 | D        | Reached skill level 5 in Fighting
    30 | D        | Reached skill level 5 in Armour
    30 | D        | Reached skill level 5 in Shields
    30 | D        | Reached XP level 2. HP: 27/29 MP: 1/1
    30 | D        | Reached XP level 3. HP: 34/36 MP: 2/2
    37 | D        | Slain by an ogre

Vault maps used:
D:        linesprint

Skill      XL: |  1 |
---------------+----+-----
Fighting       | 5 |  5.3
Armour         | 5 |  5.4
Shields        | 5 |  5.4
Axes           | 4 |  4.0

Action                   || total
-------------------------++-------
Melee: War axe           ||    23
       Headbutt          ||     6
Armor: Scale mail        ||     3
Dodge: Dodged            ||     4
Block: Shield            ||     9

Table legend:
 A = Spawn XP
 B = Non-spawn XP
 C = Spawn XP percentage of total XP
 D = Spawn monster count
 E = Non-spawn monster count
 F = Spawn count percentage of total count
 G = Total turns spent on level
                    A         B        C        D         E        F      G
               +---------+---------+-------+---------+---------+-------+---------
         Total |       0 |      51 |   0.0 |       0 |       6 |   0.0 |    37
               +---------+---------+-------+---------+---------+-------+---------
             D |       0 |      51 |   0.0 |       0 |       6 |   0.0 |    37
               +---------+---------+-------+---------+---------+-------+---------
